 Seeded DCSS version 0.30-a0-883-g5ad918d77d (webtiles) character file.

Game seed: 15748772131455733785 (custom seed)

220 Parcival the Covered (level 5, -12/46 HPs)
             Began as a Minotaur Fighter on Mar 17, 2023.
             Mangled by Parcival's ghost (16 damage)
             ... on level 3 of the Dungeon.
             The game lasted 00:03:50 (3032 turns).

Parcival the Covered (Minotaur Fighter)             Turns: 3032, Time: 00:03:50

Health: -12/46     AC: 13    Str: 28    XL:     5   Next: 64%
Magic:  4/4        EV:  7    Int:  5    God:
Gold:   129        SH:  4    Dex: 10    Spells: 4/4 levels left

rFire   . . .      SeeInvis .    k - +0 broad axe
rCold   . . .      Faith    .    c - +0 buckler
rNeg    . . .      Spirit   .    e - +1 plate armour
rPois   +          Reflect  .    (helmet restricted)
rElec   .          Rampage  .    (no cloak)
rCorr   .                        (no gloves)
Will    .....                    (no boots) Stlth
                                 (no amulet)
HPRegen 0.27/turn                h - +6 ring of strength
MPRegen 0.09/turn                m - ring of poison resistance

@: no status effects
A: horns 2, retaliatory headbutt
a: no special abilities


You were on level 3 of the Dungeon.
You visited 1 branch of the dungeon, and saw 3 of its levels.

You collected 129 gold pieces.

Inventory:

Hand Weapons
 a - a +0 trident
 k - a +0 broad axe (weapon)
Armour
 b - a +0 scale mail
 c - a +0 buckler (worn)
 e - a +1 plate armour (worn)
Jewellery
 h - a +6 ring of strength (left hand)
 m - a ring of poison resistance (right hand)
Wands
 l - a wand of acid (9)
 n - a wand of polymorph (9)
 u - a wand of flame (19)
Scrolls
 g - a scroll of fog
 o - a scroll of poison {unknown}
 r - a scroll of noise {unknown}
 s - a scroll of blinking
 t - a scroll of magic mapping {unknown}
Potions
 d - 2 potions of might
 f - a potion of heal wounds {unknown}
 i - 3 potions of brilliance {unknown}
 j - 2 potions of mutation
 p - a potion of lignification {unknown}
 q - a potion of resistance {unknown}
 v - 2 potions of ambrosia {unknown}


   Skills:
 + Level 4.1 Fighting
 + Level 3.4(4.1) Axes
 + Level 3.1(3.9) Polearms
 + Level 5.4 Armour
 + Level 1.0 Dodging
 + Level 4.3 Shields


You had 4 spell levels left.
You didn't know any spells.
Your spell library contained the following spells:

 Spells                   Type           Power      Damage    Failure   Level
 Slow                     Hex            0%         N/A       100%        1
 Confusing Touch          Hex            0%         N/A       100%        3
 Ignite Poison            Fire/Tmut/Pois 0%         N/A       100%        3
 Kindle Blastsparks       Fire/Tloc/Air  0%         2d10      100%        3
 Vampiric Draining        Necr           0%         2d6       100%        3
 Freezing Cloud           Conj/Ice/Air   0%         6-21      100%        5


Dungeon Overview and Level Annotations

Branches:
Dungeon (3/15)

Altars:

Annotations:
D:3 Parcival's ghost, amateur MiFi


Innate Abilities, Weirdness & Mutations

You have a pair of horns on your head.
You reflexively headbutt those who attack you in melee.


Message History

Natasha claws you. Natasha claws you but does no damage.
You slash Natasha!
You kill Natasha!
Natasha screams in fury as she dies!
Your base Axes skill increases to level 3!
You feel yourself speed up.
You open the door.
There is an open door here.
There is an open door here.
You open the door.
There is an open door here.
There is an open door here.
You see here a +0 ring mail.
Parcival's ghost turns its malevolent gaze towards you.
Could not explore, unopened runed door.
As you open the door, it creaks loudly!
There is an open translucent door here.
You slash Parcival's ghost!
You headbutt Parcival's ghost, but do no damage.
Parcival's ghost is lightly damaged.
Parcival's ghost hits you! Parcival's ghost barely misses you.
You furiously retaliate!
You headbutt Parcival's ghost. You hit Parcival's ghost.
Parcival's ghost is moderately damaged.
Parcival's ghost whispers, "There is no future for you."
Parcival's ghost hits you!
You hit Parcival's ghost. You headbutt Parcival's ghost.
Parcival's ghost is moderately damaged.
Parcival's ghost hits you! x2
* * * LOW HITPOINT WARNING * * *
You hit Parcival's ghost but do no damage.
You headbutt Parcival's ghost.
Parcival's ghost is heavily damaged.
Parcival's ghost hits you.
* * * LOW HITPOINT WARNING * * *
You hit Parcival's ghost. You headbutt Parcival's ghost!
Parcival's ghost is severely damaged.
Parcival's ghost wails, "I have seen your future, and it is all used up."
Parcival's ghost hits you!
You die...

...######.####.....##...........#
...................##...........#
.#.######.##################.####
.#.#......# #.?.# #.# #
.#.#.###### #.~.# #.# # .#.#.#
#.~.##########.# # .#.#.#
#.~.#..##...##.# # .#.#.#
#.W.#..##...##.# # .#.#.#
##@##..##...##.# # .#.#.#
#......##...##.#### ##.#.####
#......##...##..... #......#
###.....##...####### #####.#.#
#..'....'......†..#. ......#.#
#.##....###....†#.#. #######.#
#.##....# #.....#.#.
####'######.##....# #.....#.#.
#...........####### #.....#.#.


You could see Parcival's ghost.

Vanquished Creatures
  Ijyb (D:3)
  Natasha (twice) (D:3)
  3 adders (D:2)
  3 gnolls (D:2)
  2 worms (D:2)
  3 dart slugs (D:3)
  11 endoplasms
  2 giant cockroaches (D:1)
  5 goblins
  6 hobgoblins
  11 jackals
  A quokka (D:2)
  7 ball pythons
  2 bats
  4 frilled lizards
  6 kobolds
  5 rats
74 creatures vanquished.

Notes
Turn   | Place    | Note
-------+----------+-------------------------------------------
     0 | D:1      | Parcival the Minotaur Fighter began the quest for the Orb.
     0 | D:1      | Reached XP level 1. HP: 19/19 MP: 0/0
   309 | D:1      | Reached XP level 2. HP: 21/27 MP: 1/1
   350 | D:1      | Reached skill level 4 in Armour
   983 | D:2      | Reached XP level 3. HP: 31/33 MP: 2/2
  1149 | D:2      | Reached skill level 1 in Axes
  1270 | D:2      | Reached XP level 4. HP: 37/40 MP: 3/3
  1599 | D:2      | Reached skill level 1 in Dodging
  1636 | D:2      | Found a faded altar of an unknown god.
  2292 | D:3      | Found a runed translucent door.
  2584 | D:3      | Reached XP level 5. HP: 46/46 MP: 4/4
  2645 | D:3      | Noticed Ijyb
  2646 | D:3      | Noticed Natasha
  2652 | D:3      | Killed Natasha
  2653 | D:3      | Reached skill level 5 in Armour
  2659 | D:3      | Killed Ijyb
  2800 | D:3      | Noticed Natasha
  2810 | D:3      | Killed Natasha
  3024 | D:3      | Noticed Parcival's ghost (amateur MiFi)
  3032 | D:3      | Mangled by Parcival's ghost

Illustrated notes

Levels and vault maps discovered:
D:1:      dpeg_arrival_brainrot, layout_basic, hangedman_decor_growths,
          minmay_misc_feat_rugged, nicolae_titane
D:2:      minmay_recursive_quarters, layout_basic,
          dreamdust_ecumenical_altar_sealed_demon, serial_glass,
          glass_columns_c, glass_columns_a, hex_tiny
D:3:      layout_basic, ebering_ghost_reflecting_pool,
          minmay_misc_feat_four_crosses, uniq_ijyb, uniq_natasha

Skill      XL: |  1  2  3  4  5 |
---------------+----------------+-----
Shields        | 4 |  4.3
Armour         | 4 5 |  5.4
Fighting       | 4 |  4.1
Axes           | 1 2 3 |  3.4
Polearms       | 3 |  3.1
Dodging        | 1 |  1.0

Action                     |  1- 3 |  4- 6 || total
---------------------------+-------+-------++-------
  Melee: Trident           |    42 |       ||    42
         Headbutt          |     9 |    13 ||    22
         Broad axe         |    39 |    81 ||   120
    Use: Scroll            |     1 |     4 ||     5
 Armour: Plate armour      |    70 |    56 ||   126
         Scale mail        |     4 |       ||     4
  Dodge: Dodged            |    37 |    35 ||    72
  Block: Buckler           |    23 |    28 ||    51

Table legend: (Time is in decaauts)
 A = Elapsed time spent in this place.
 B = Non-inter-level travel time spent in this place.
 C = Inter-level travel time spent in this place.
 D = Time resting spent in this place.
 E = Time spent auto-exploring this place.
 F = Levels seen in this place.
 G = Mean time per level.
                   A        B        C        D        E       F      G
               +--------+--------+--------+--------+--------+-----+--------+
         Total |   3112 |   2971 |    141 |      0 |   2376 |   3 | 1037.3 |
       Dungeon |   3112 |   2971 |    141 |      0 |   2376 |   3 | 1037.3 |
               +--------+--------+--------+--------+--------+-----+--------+

Top non-repeatable levels by time:
     D:2: 1171 daAuts
     D:1: 987 daAuts
     D:3: 953 daAuts
